 Dungeon Sprint DCSS version 0.19.5 (webtiles) character file.

17200000 Agrougrou the Conqueror (level 27, -61/273 HPs)
             Began as a Centaur Warper on Mar 6, 2017.
             Was the Champion of Makhleb.
             Killed from afar by a wretched soul (92 damage)
             ... with a bolt of negative energy
             ... in the Dungeon (Sprint VIII: "Arena of Blood").
             The game lasted 00:07:51 (172 turns).

Agrougrou the Conqueror (Centaur Warper)             Turns: 172, Time: 00:07:51

Health: -61/273    AC:  7    Str: 15    XL:     27
Magic:  40/54      EV: 31    Int: 12    God:    Makhleb [******]
Gold:   0          SH:  0    Dex: 21    Spells: 0 memorised, 80 levels left

rFire  . . .     SeeInvis +     l - +∞ Axe of Woe
rCold  . . .     Gourm    .     b - +0 leather armour
rNeg   . . .     Faith    .     (shield currently unavailable)
rPois  .         Spirit   .     (no helmet)
rElec  .         Reflect  .     (no cloak)
rCorr  .         Harm     .     (no gloves)
MR     ++...     NoTele   +     (no barding)
Stlth  +++++++++.               (no amulet)
                                (no ring)
                                m - ring of see invisible

@: lethally poisoned (-61 -> -61), very slightly contaminated, slowed, drained
A: hooves 3, deformed body, speed 2, tough skin 3
a: Minor Destruction, Lesser Servant of Makhleb, Major Destruction, Greater
Servant of Makhleb, Renounce Religion


You were in the Dungeon.
You worshipped Makhleb.
Makhleb was exalted by your worship.
You were not hungry.

You visited 1 branch

Inventory:

Hand Weapons
 a - a +0 hand axe
 l - the +∞ Axe of Woe (weapon)
   (You found it in the Dungeon)
Missiles
 e - 5 tomahawks of dispersal (quivered)
Armour
 b - a +0 leather armour (worn)
Jewellery
 m - a ring of see invisible (left hand)
Scrolls
 d - 2 scrolls of blinking
Potions
 g - a potion of curing
 j - 2 potions of magic
 k - a potion of berserk rage
Books
 c - a book of Spatial Translocations

   Spells                             Type                      Level
   a - Blink                          Translocation                2
   b - Shroud of Golubria             Charms/Translocation         2
   c - Lesser Beckoning               Translocation                3
   d - Portal Projectile              Translocation                3
   e - Teleport Other                 Translocation                3
   f - Passage of Golubria            Translocation                4
Comestibles
 f - a bread ration


   Skills:
 O Level 27(25.5) Fighting
 O Level 27(25.5) Axes
 O Level 27(25.5) Throwing
 O Level 27(25.5) Armour
 O Level 27(25.5) Dodging
 O Level 27(25.5) Stealth
 O Level 27(25.5) Unarmed Combat
 O Level 27(25.5) Spellcasting
   Level 2.6(1.8) Translocations
 O Level 27(25.5) Invocations


You had 80 spell levels left.
You didn't know any spells.

Dungeon Overview and Level Annotations

Branches:
Dungeon (1/1)

Altars:
Makhleb


Innate Abilities, Weirdness & Mutations

You have hooves in place of feet.
Armour fits poorly on your strangely shaped body.
You cover ground very quickly.
You have extremely tough skin. (AC +3)


Message History

You hear a shout! x3
The corpses begin to drag themselves along the ground! 2 crawling corpses, a phantom and a skeletal warrior come into view.
You feel much better.
You are engulfed in roaring flames.
* * * LOW HITPOINT WARNING * * *
You feel sick.
The fleshlord gestures at you while chanting.
You feel as though you will be slow longer.
You hear a shout! x3
The destroyer blinks!
You hear a shout! x5
The dread calls on the powers of darkness!
The eight-headed meat hydra convulses!
Your body is wracked with pain!
* * * LOW HITPOINT WARNING * * *
The bag of meat convulses! x2; The fleshlord convulses! x2
The bag of meat convulses! x4; The eight-headed meat hydra convulses!
The bag of meat convulses! x2
The wretched soul breathes negative energy at you.
The bolt of negative energy hits you!
You feel drained.
You die...

#X.....ooz #
#.§Vxz.o # #§§.o..
O# .### #.oM.# ...
.... #)Dzo##...p ..
#X)oo.#Wo...#.......
#)ppo§.###..........
#.o§§o##....#.......
#.V@)#..W.....#...%.
#..D)#.........W.%..
#.Wx.)...........###
#......x...........#
#...W.......x......#
#.........#........M
#........#.#)#)....%
#.........#.#X).%...
#..###...#.#.#).....


You could see an accursed, 2 eight-headed meat hydras, 2 destroyers, 3
fleshlords, 2 sculptors of flesh, a large abomination, 2 wretched souls, a
dread, 9 bags of meat and 3 crawling corpses.

Vanquished Creatures
  3 hell knights (D)
  8 hell beasts (D)
  5 greater mummies (D)
  5 great orbs of eyes (D)
  5 wraiths (D)
  Harold (D)
  11 vampire knights (D)
  37 ogres (D)
  5 liches (D)
  4 hydras (D)
  65 orcs (D)
  2 phantoms (D)
  10 hill giants (D)
  3 skeletal warriors (D)
  3 sea snakes (D)
  6 large abominations (D)
  10 small abominations (D)
  12 crawling corpses (D)
195 creatures vanquished.

Vanquished Creatures (others)
  4 crawling corpses (D)
4 creatures vanquished.

Grand Total: 199 creatures vanquished

Notes
Turn   | Place    | Note
-------+----------+-------------------------------------------
     0 | D        | Agrougrou the Centaur Warper began the quest for the Orb.
     0 | D        | Reached XP level 1. HP: 17/17 MP: 3/3
     3 | D        | Noticed a bag of meat
     3 | D        | Noticed a bag of meat
     4 | D        | Became a worshipper of Makhleb the Destroyer
     5 | D        | Noticed a meat berserker
     6 | D        | Noticed a bag of meat
     7 | D        | Noticed a meat berserker
     7 | D        | Killed a meat berserker
     7 | D        | Reached skill level 15 in Fighting
     7 | D        | Reached skill level 15 in Axes
     7 | D        | Reached XP level 2. HP: 49/49 MP: 3/17
     7 | D        | Reached XP level 3. HP: 56/56 MP: 3/18
     7 | D        | Reached XP level 4. HP: 63/63 MP: 3/20
     7 | D        | Reached XP level 5. HP: 70/70 MP: 3/21
     7 | D        | Reached XP level 6. HP: 78/78 MP: 3/23
     7 | D        | Reached XP level 7. HP: 84/84 MP: 3/24
     7 | D        | Reached XP level 8. HP: 93/93 MP: 3/26
     7 | D        | Reached XP level 9. HP: 100/100 MP: 3/27
     7 | D        | Reached XP level 10. HP: 107/107 MP: 3/28
     7 | D        | Reached XP level 11. HP: 114/114 MP: 3/29
     7 | D        | Reached XP level 12. HP: 122/122 MP: 3/30
     7 | D        | Reached XP level 13. HP: 128/128 MP: 3/31
     8 | D        | Noticed a meat berserker
     8 | D        | Killed a meat berserker
     8 | D        | Reached * piety under Makhleb
     8 | D        | Reached skill level 5 in Armour
     8 | D        | Reached XP level 14. HP: 144/144 MP: 3/34
     8 | D        | Killed a bag of meat
     8 | D        | Reached skill level 15 in Dodging
     9 | D        | Noticed a meat berserker
    10 | D        | Killed a bag of meat
    10 | D        | Reached XP level 15. HP: 155/155 MP: 3/36
    11 | D        | Killed a meat berserker
    11 | D        | Reached ** piety under Makhleb
    11 | D        | Reached skill level 10 in Throwing
    11 | D        | Reached XP level 16. HP: 170/170 MP: 4/39
    12 | D        | Noticed a meat berserker
    13 | D        | Killed a meat berserker
    14 | D        | Noticed a meat berserker
    14 | D        | Noticed a meat berserker
    14 | D        | Reached *** piety under Makhleb
    14 | D        | Reached XP level 17. HP: 183/183 MP: 4/42
    15 | D        | Noticed a meat berserker
    16 | D        | Noticed a meat berserker
    16 | D        | Noticed a meat berserker
    16 | D        | Killed a meat berserker
    17 | D        | Killed a meat berserker
    17 | D        | Reached XP level 18. HP: 157/198 MP: 5/44
    18 | D        | Reached **** piety under Makhleb
    18 | D        | Reached skill level 27 in Fighting
    18 | D        | Killed a meat berserker
    18 | D        | Reached skill level 27 in Axes
    18 | D        | Killed a meat berserker
    18 | D        | Reached XP level 19. HP: 207/207 MP: 5/48
    19 | D        | Noticed a large bag of meat
    19 | D        | Noticed a meat berserker
    20 | D        | Reached skill level 27 in Dodging
    20 | D        | Reached ***** piety under Makhleb
    20 | D        | Reached skill level 27 in Spellcasting
    20 | D        | Reached XP level 20. HP: 216/216 MP: 6/51
    21 | D        | Killed a meat berserker
    22 | D        | Killed a meat berserker
    22 | D        | Reached skill level 27 in Throwing
    22 | D        | Reached XP level 21. HP: 224/224 MP: 6/52
    28 | D        | Reached ****** piety under Makhleb
    28 | D        | Reached skill level 27 in Armour
    28 | D        | Reached skill level 5 in Stealth
    28 | D        | Reached skill level 10 in Stealth
    30 | D        | Noticed a destroyer
    30 | D        | Reached XP level 22. HP: 233/233 MP: 8/53
    31 | D        | Reached skill level 15 in Stealth
    33 | D        | Noticed a destroyer
    41 | D        | Noticed a destroyer
    43 | D        | Killed a destroyer
    43 | D        | Reached skill level 27 in Invocations
    43 | D        | Reached XP level 23. HP: 240/240 MP: 11/54
    45 | D        | Reached skill level 27 in Unarmed Combat
    46 | D        | Noticed a destroyer
    46 | D        | Killed a destroyer
    47 | D        | Noticed an accursed
    47 | D        | Noticed a destroyer
    47 | D        | Reached skill level 27 in Stealth
    49 | D        | Reached XP level 24. HP: 249/249 MP: 12/54
    52 | D        | Killed a destroyer
    52 | D        | Reached XP level 25. HP: 257/257 MP: 13/54
    53 | D        | Killed a destroyer
    54 | D        | Killed an accursed
    56 | D        | Noticed an accursed
    56 | D        | Reached XP level 26. HP: 266/266 MP: 14/54
    58 | D        | Killed a destroyer
    59 | D        | Reached XP level 27. HP: 273/273 MP: 15/54
    63 | D        | Noticed a destroyer
    64 | D        | Noticed a tyrant
    66 | D        | Killed an accursed
    68 | D        | Noticed a dread
    70 | D        | Noticed The Servant
    72 | D        | Noticed an accursed
    74 | D        | Noticed a meat beast
    74 | D        | Noticed a destroyer
    75 | D        | Killed a meat beast
    77 | D        | Killed a dread
    78 | D        | Killed a tyrant
    79 | D        | Killed a destroyer
    80 | D        | Noticed a dread
    81 | D        | Killed an accursed
    83 | D        | Killed The Servant
    87 | D        | Killed a dread
    88 | D        | Killed a destroyer
    89 | D        | Noticed a dread
    98 | D        | Noticed a meat beast
   103 | D        | Noticed an accursed
   104 | D        | Killed a meat beast
   106 | D        | Killed a dread
   108 | D        | Noticed an accursed
   110 | D        | Noticed a tyrant
   112 | D        | Killed an accursed
   121 | D        | Noticed a tyrant
   121 | D        | Noticed a tyrant
   122 | D        | Noticed an accursed
   122 | D        | Noticed a destroyer
   123 | D        | Noticed a meat beast
   123 | D        | Killed a tyrant
   124 | D        | Noticed a meat beast
   128 | D        | Killed a meat beast
   129 | D        | Killed a destroyer
   133 | D        | Noticed a meat beast
   134 | D        | Noticed a meat beast
   135 | D        | Killed a meat beast
   136 | D        | Noticed a meat beast
   137 | D        | Noticed a fleshlord
   138 | D        | Killed a tyrant
   141 | D        | Killed a tyrant
   143 | D        | Noticed a fleshlord
   144 | D        | Killed a meat beast
   146 | D        | Noticed a destroyer
   148 | D        | Killed a destroyer
   151 | D        | Killed a meat beast
   151 | D        | Noticed a meat beast
   155 | D        | Killed a meat beast
   156 | D        | Noticed a dread
   156 | D        | Killed a fleshlord
   156 | D        | Killed a meat beast
   157 | D        | Noticed a dread
   159 | D        | Noticed a fleshlord
   160 | D        | Killed a fleshlord
   161 | D        | Noticed a destroyer
   162 | D        | Killed a dread
   163 | D        | Noticed a tyrant
   163 | D        | Noticed a destroyer
   163 | D        | Killed an accursed
   164 | D        | Noticed an accursed
   164 | D        | Killed a destroyer
   164 | D        | Killed a destroyer
   165 | D        | Noticed a dread
   166 | D        | Noticed a fleshlord
   166 | D        | Noticed a fleshlord
   168 | D        | Killed a fleshlord
   169 | D        | Killed a dread
   171 | D        | Noticed a destroyer
   171 | D        | Killed a tyrant
   172 | D        | Killed from afar by a wretched soul

Skill      XL: |  1  2  3  4  5  6  7  8  9 10 11 12 13 14 15 16 17 18 19 20 21 22 23 |
---------------+----------------------------------------------------------------------+-----
Fighting       | 15 18 20 22 24 26 27 | 27.0
Axes           | 15 17 19 21 23 26 27 | 27.0
Throwing       | 6 8 9 10 11 13 19 27 | 27.0
Armour         | 4 5 6 7 8 9 14 24 27 | 27.0
Dodging        | 12 14 15 17 19 21 25 27 | 27.0
Spellcasting   | 14 16 17 19 21 22 25 27 | 27.0
Stealth        | 13 20 27 | 27.0
Unarmed Combat | 17 26 27 | 27.0
Invocations    | 18 27 | 27.0
Translocations | |  2.6

Action                   |  1- 3 |  4- 6 |  7- 9 | 10-12 | 13-15 | 16-18 | 19-21 | 22-24 | 25-27 || total
-------------------------+-------+-------+-------+-------+-------+-------+-------+-------+-------++-------
Melee: Executioner's axe |     1 |       |       |       |     3 |     5 |     5 |    11 |    81 ||   106
  Use: Potion            |       |       |       |       |       |       |       |       |     2 ||     2
 Stab: Distracted        |       |       |       |       |       |       |       |       |     1 ||     1
Armor: Leather armour    |       |       |       |       |       |       |       |       |     1 ||     1
Dodge: Dodged            |       |       |       |       |       |       |       |       |    12 ||    12
